AoeStats
← Schantiiniiii

African Clearing

505742321Analyzed
4v4 RM · 20d ago on Sep 10, 2026· 34m 29s· 8 players
Game mode
Random Map
Map size
Large (8 player)
Population
200
Speed
Normal
Resources
Standard
Victory
Conquest
Starting age
Dark Age
Ending age
Imperial Age
RankedLock teamsTeams togetherTeam positionsShared explorationLock speedFull tech treeHidden civsTurbo modeCheats
Victory
Defeat
🇦🇷 Britons · Argentina
1783
+9
🇦🇷 Tatars · Argentina
1661
+14
🇬🇧 Portuguese · United Kingdom
1624
+16
🇨🇦 Slavs · Canada
1561
+18
🇩🇪 Vikings · Germany
1702
-17
🇨🇭 Huns · Switzerland
1678
-17
🇫🇷 Italians · France
1571
-12
🇩🇪 Turks · Germany
1526
-11
ノルフ
9:31 Loom
11:55 Feudal Age
12:50 Double-Bit Axe
19:13 Forging
25:09 Castle Age
23:54 Horse Collar
26:11 Bow Saw
26:03 Heavy Plow
30:27 Wheelbarrow
29:37 Town Watch
30:35 Stone Mining
32:59 Hand Cart
32:40 Gold Mining
33:23 Scale Barding Armor
33:26 Husbandry
36:35 Imperial Age
Frankie Fast Hands
11:16 Loom
13:04 Feudal Age
14:40 Double-Bit Axe
17:27 Castle Age
26:30 Pikeman
30:15 Bow Saw
32:58 Horse Collar
34:37 Scale Mail Armor
34:47 Forging
Cr0mo
11:10 Feudal Age
11:41 Double-Bit Axe
13:40 Fletching
21:57 Castle Age
20:39 Gold Mining
21:58 Crossbowman
22:40 Bodkin Arrow
33:09 Padded Archer Armor
33:30 Ballistics
34:06 Wheelbarrow
RománMás3
11:51 Loom
13:37 Feudal Age
17:45 Castle Age
16:21 Double-Bit Axe
19:22 Fletching
20:21 Fishing Lines
21:47 Bow Saw
23:40 Bodkin Arrow
25:25 Husbandry
25:35 Bloodlines
27:42 Padded Archer Armor
28:56 Stone Mining
28:56 Gold Mining
29:51 Ballistics
30:12 Horse Collar
31:34 Gold Mining
twitch.tv/gliedi69
7:14 Loom
12:57 Feudal Age
13:37 Double-Bit Axe
21:56 Padded Archer Armor
21:46 Fletching
21:45 Horse Collar
26:50 Castle Age
27:13 Elite Skirmisher
29:47 Town Watch
34:25 Gold Mining
Serxer
6:49 Loom
12:39 Feudal Age
13:13 Double-Bit Axe
16:18 Scale Barding Armor
18:54 Horse Collar
21:58 Castle Age
20:40 Bloodlines
21:29 Scale Barding Armor
25:16 Chain Barding Armor
25:06 Forging
25:14 Husbandry
27:43 Forging
Schantiiniiii
4:23 Loom
7:26 Loom
11:46 Feudal Age
15:59 Double-Bit Axe
34:22 Horse Collar
36:50 Castle Age
{ BP } Käpt`n Iglo
10:58 Loom
13:14 Feudal Age
16:58 Castle Age
14:56 Double-Bit Axe
14:54 Fishing Lines
17:46 Scale Barding Armor
17:55 Bow Saw
19:24 Scale Mail Armor
19:32 Town Watch
20:37 Chain Barding Armor
24:57 Town Watch
25:50 Horse Collar
27:30 Gold Mining
27:42 Heavy Plow
Connection lost

Rejoining the realm…

Still unreachable

The connection could not be restored.

Session expired

The server has moved on; the page needs a fresh start.